 Dungeon Crawl Stone Soup version 0.30.1-9-gdf580d7c3d (webtiles) character file.

Game seed: 5950598686040727537

8421 lonewolfV2 the Blocker (level 11, -5/157 HPs)
             Began as a Minotaur Fighter on Oct 17, 2023.
             Was a Plaything of Xom.
             Slain by an orc warrior
             ... wielding a +0 trident
              (8 damage)
             ... on level 10 of the Dungeon.
             The game lasted 00:17:29 (11333 turns).

lonewolfV2 the Blocker (Minotaur Fighter)          Turns: 11333, Time: 00:17:30

Health: -5/157     AC: 25    Str: 21    XL:     11   Next: 9%
Magic:  10/10      EV:  2    Int:  5    God:    Xom [.*....]
Gold:   745        SH:  7    Dex: 12    Spells: 10/10 levels left

rFire   + + .        a - +1 war axe (protect)
rCold   + . .        c - +0 buckler
rNeg    . . .        b - melded +0 scale mail
rPois   +            (helmet currently unavailable)
rElec   +            q - melded +2 cloak
rCorr   +            (gloves currently unavailable)
SInv    .            h - melded +1 pair of boots
Will    .....        (no amulet)
Stlth   +            s - ring of protection from fire
HPRegen 0.46/turn    (no ring)
MPRegen 0.12/turn

%: no passive effects
@: mighty, tree-form, resistant
A: stationary, stasis, torment immunity, boosted hp, (horns 2), (retaliatory
headbutt), weak 1, wild magic 1
a: Renounce Religion


You were on level 10 of the Dungeon.
You worshipped Xom.
You were a plaything of Xom.
You were a tree.
You visited 2 branches of the dungeon, and saw 11 of its levels.

You collected 745 gold pieces.

Inventory:

Hand Weapons
 a - a +1 war axe of protection (weapon)
Missiles
 t - 5 throwing nets (quivered)
Armour
 b - a +0 scale mail (melded)
 c - a +0 buckler (worn)
 e - a scarf of shadows
 h - a +1 pair of boots (melded)
 q - a +2 cloak (melded)
Jewellery
 s - a ring of protection from fire (left branch)
 A - a ring of fire
Wands
 f - a wand of charming (10)
 g - a wand of light (17)
 w - a wand of flame (13)
 x - a wand of polymorph (13)
Scrolls
 j - 2 scrolls of poison
 v - a scroll of enchant armour
 y - 2 scrolls of fear
 B - 2 scrolls of blinking
Potions
 d - 2 potions of might
 i - 2 potions of brilliance
 k - a potion of cancellation
 l - a potion of ambrosia {unknown}
 m - 2 potions of magic
 o - 2 potions of resistance
 p - 2 potions of degeneration
 r - 3 potions of attraction
 z - 3 potions of mutation
 C - 2 potions of lignification
 D - a potion of haste {unknown}


   Skills:
 + Level 12.4 Fighting
 + Level 12.1 Axes
 - Level 3.6 Armour
 + Level 12.4 Shields


You had 10 spell levels left.
You didn't know any spells.
Your spell library contained the following spells:

 Spells                   Type           Power      Damage    Failure   Level
 Sting                    Tmut/Pois      0%         1d3       61%         1
 Poisonous Vapours        Pois/Air       0%         N/A       73%         2
 Dazzling Flash           Conj/Hex       0%         N/A       91%         3
 Gell's Gravitas          Tloc           0%         N/A       91%         3
 Teleport Other           Tloc           0%         N/A       91%         3
 Olgreb's Toxic Radiance  Pois           0%         N/A       100%        4
 Agony                    Necr           0%         N/A       100%        5
 Silence                  Hex/Air        0%         N/A       100%        5
 Dispersal                Tloc           0%         N/A       100%        6


Dungeon Overview and Level Annotations

Branches:
Dungeon (10/15)            Temple (1/1) D:4            Lair (0/5) D:8
    Orc: D:9-12

Altars:
Ashenzari
Cheibriados
Dithmenos
Elyvilon
Fedhas
Gozag
Hepliaklqana
Kikubaaqudgha
Makhleb
Nemelex Xobeh
Okawaru
Qazlal
Ru
Sif Muna
Trog
Uskayaw
Vehumet
Wu Jian
Xom
Yredelemnul
Zin
The Shining One

Shops:
D:5 :


Innate Abilities, Weirdness & Mutations

You are a tree.
Your roots penetrate the ground, keeping you stationary.
You cannot be teleported.
You are immune to unholy pain and torment.
Your maximum health is greatly increased.
Your equipment is partially melded.
((You have a pair of horns on your head.))
((You reflexively headbutt those who attack you in melee.))
You are weak. (Str -2)
Your spells are a little harder to cast, but a little more powerful.


Message History

Your butterfly degenerates into a cloud of primal chaos!
The orc priest invokes the aid of Beogh against you.
Beogh smites you!
* * * LOW HITPOINT WARNING * * *
The orc warrior hits you but does no damage.
Your butterfly is engulfed in seething chaos.
Your butterfly suddenly seems more agile.
Something completely misses your butterfly.
The orc warrior hits you but does no damage.
Your butterfly is engulfed in seething chaos.
Your butterfly suddenly seems more resistant.
Your butterfly is engulfed in seething chaos.
Your butterfly seems to speed up.
Something hits your butterfly.
Your butterfly dies!
Your butterfly disappears in a puff of smoke!
The orc priest invokes the aid of Beogh against you.
Beogh smites you!
* * * LOW HITPOINT WARNING * * *
You block the orc warrior's attack.
You cannot move.
You cannot move.
You cannot move.
You cannot move.
Unknown command.
You cannot move.
The orc priest invokes the aid of Beogh against you.
Beogh smites you!
* * * LOW HITPOINT WARNING * * *
You block the orc warrior's attack.
The orc warrior shoots a bolt.
The bolt hits you but does no damage. Something hits you but does no damage.
The orc priest misses your butterfly. You block the orc warrior's attack.
Something hits you but does no damage.
The orc priest hits your butterfly with a +0 flail.
Your butterfly dies!
Your butterfly degenerates into a cloud of primal chaos!
The orc warrior hits you from afar with a +0 trident!
You die...
Xom is highly amused!

....O.Ooo......#
....O.##..o....#
##...O##.......#
#$..OOo.o.....#
.....OO........#..#
...#######..####..#
### #§.# #..#
.##########o.# #..#
.....b.b.♣)Oo# #..#
......bb)b§o.# #..#
.##########..####..#
#.b......#
#..####..# #..#
#..####### #..#
#...<<.... #..#
#......... #..#
#.........


You could see 2 orc warriors, an ogre and an orc priest.

Vanquished Creatures
  Erolcha (D:9)
  Lodul (D:10)
  Joseph (D:9)
  Maggie (D:8)
  A komodo dragon (D:8)
  2 trolls
  A tarantella (D:9)
  Grinder (D:6)
  A wyvern (D:6)
  2 yaks (D:9)
  A human (D:10)
  Menkaure (D:7)
  An acid dragon (D:9)
  A water moccasin (D:7)
  Pargi (D:3)
  4 orc warriors
  A black bear (D:5)
  11 ogres
  2 centaurs (D:9)
  2 phantoms
  4 kobold brigands
  4 bullfrogs
  A wyvern zombie (D:8)
  The ghost of sigtrap the Shooter, an amateur SpHu (D:3)
  2 necrophages (D:8)
  8 wights
  4 killer bees
  3 howler monkeys (D:8)
  A crimson imp (D:6)
  A human zombie (D:8)
  3 hounds
  2 jellies
  8 orc priests
  2 gnoll boudas
  Crazy Yiuf (D:3)
  A sleepcap (D:4)
  Jessica (D:3)
  6 iguanas
  5 orc wizards
  Terence (D:2)
  2 mummies (D:8)
  Robin (D:2)
  23 gnolls
  5 adders
  2 white imps
  2 ufetubi
  2 worms
  5 dart slugs
  55 orcs
  5 bats
  7 endoplasms
  4 giant cockroaches
  6 goblins
  11 hobgoblins
  7 quokkas
  7 ball pythons
  2 frilled lizards
  21 kobolds
  4 rats
267 creatures vanquished.

Vanquished Creatures (others)
  A wight (D:8)
  2 orc priests (D:10)
  An orc (D:10)
4 creatures vanquished.

Grand Total: 271 creatures vanquished

Notes
Turn   | Place    | Note
-------+----------+-------------------------------------------
     0 | D:1      | lonewolfV2 the Minotaur Fighter began the quest for the
                  | Orb.
     0 | D:1      | Reached XP level 1. HP: 19/19 MP: 0/0
    96 | D:1      | Reached XP level 2. HP: 19/27 MP: 1/1
   339 | D:1      | Found a faded altar of an unknown god.
   454 | D:1      | Reached XP level 3. HP: 31/33 MP: 2/2
   864 | D:2      | You fall into a shaft and drop 2 floors!
  1047 | D:2      | Noticed Robin
  1064 | D:2      | Killed Robin
  1065 | D:2      | Reached XP level 4. HP: 32/41 MP: 3/3
  1261 | D:2      | Noticed Terence
  1272 | D:2      | Killed Terence
  1784 | D:3      | Found a runed translucent gate.
  1784 | D:3      | Found a runed translucent gate.
  1784 | D:3      | Found a runed translucent gate.
  1785 | D:3      | Noticed sigtrap's ghost (amateur SpHu)
  1786 | D:3      | Noticed a kobold brigand
  1852 | D:3      | Noticed Jessica
  1864 | D:3      | Killed Jessica
  1865 | D:3      | Reached skill level 5 in Fighting
  1865 | D:3      | Reached skill level 5 in Shields
  1865 | D:3      | Reached XP level 5. HP: 15/48 MP: 4/4
  2290 | D:3      | Noticed Pargi
  2303 | D:3      | Killed Pargi
  2304 | D:3      | Reached skill level 5 in Axes
  2304 | D:3      | Reached XP level 6. HP: 38/57 MP: 5/5
  2452 | D:3      | Found a runed translucent door.
  2453 | D:3      | Noticed Crazy Yiuf
  2766 | D:3      | Killed sigtrap's ghost
  2927 | D:3      | Killed Crazy Yiuf
  2928 | D:3      | Reached XP level 7. HP: 35/63 MP: 6/6
  3441 | D:4      | Found a staircase to the Ecumenical Temple.
  3520 | Temple   | Entered the Ecumenical Temple
  3955 | Temple   | Became a worshipper of Xom of Chaos
  4033 | D:4      | XOM: silly message
  4036 | D:4      | Found a bloodstained altar of Trog.
  4036 | D:4      | Found a glowing silver altar of Zin.
  4039 | D:4      | Found a sparkling altar of Nemelex Xobeh.
  4217 | D:4      | XOM: silly message
  4595 | D:5      | Entered Level 5 of the Dungeon
  4725 | D:5      | XOM: potion effect (invisibility)
  4793 | D:5      | Found a shadowy altar of Dithmenos.
  4814 | D:5      | Found Isorchan's Book Boutique.
  4843 | D:5      | XOM: potion effect (invisibility)
  4849 | D:5      | HP: 3/66 [acid (10)]
  5078 | D:5      | XOM: silly message
  5202 | D:5      | Reached XP level 8. HP: 48/73 MP: 7/7
  5303 | D:5      | XOM: cloud trail
  5521 | D:5      | Identified the +4 war axe "Wismejixt" {flame, rCorr}
  6100 | D:6      | Found a burning altar of Makhleb.
  6614 | D:6      | Noticed Grinder
  6623 | D:6      | XOM: snakes to sticks
  6629 | D:6      | Paralysed by Grinder for 3 turns
  6641 | D:6      | XOM: silly message
  6655 | D:6      | Paralysed by Grinder for 4 turns
  6659 | D:6      | Killed Grinder
  6847 | D:6      | XOM: cloud trail
  6965 | D:7      | Reached XP level 9. HP: 68/83 MP: 8/8
  7030 | D:7      | XOM: summons 4 friendly demons
  7118 | D:7      | XOM: enchant monster (good)
  7134 | D:7      | XOM: divination: detect items
  7364 | D:7      | Noticed Menkaure
  7371 | D:7      | Killed Menkaure
  7478 | D:7      | XOM is BORED!
  7526 | D:7      | XOM: god gift: 42 gold pieces
  7845 | D:8      | Found a stormy altar of Qazlal.
  7845 | D:8      | Found a hide-covered altar of Uskayaw.
  7889 | D:8      | Found a staircase to the Lair.
  7891 | D:8      | Noticed a komodo dragon
  7901 | D:8      | XOM: summons 2 friendly demons
  7917 | D:8      | Killed a komodo dragon
  8199 | D:8      | XOM: fake destruction
  8206 | D:8      | Reached skill level 10 in Fighting
  8206 | D:8      | Reached skill level 10 in Shields
  8484 | D:8      | Reached skill level 10 in Axes
  8833 | D:8      | XOM: stat loss: -1 Int (4/5)
  9072 | D:8      | XOM: blink monster(s)
  9146 | D:8      | XOM: draining
  9178 | D:8      | Noticed Maggie
  9184 | D:8      | XOM: 1-stop teleportation journey
  9194 | D:8      | Killed Maggie
  9426 | D:8      | XOM: stat loss: -1 Dex (11/12)
  9427 | D:8      | XOM: summons 5 hostile demons
  9431 | D:8      | XOM: divine lightning
  9432 | D:8      | Reached XP level 10. HP: 85/91 MP: 9/9
  9436 | D:8      | XOM: give mutations
  9436 | D:8      | Gained mutation: You are somewhat resistant to further
                  | mutation. [Xom's mischief]
  9436 | D:8      | Gained mutation: You are weak. (Str -2) [Xom's mischief]
  9436 | D:8      | Gained mutation: Your spells are a little harder to cast,
                  | but a little more powerful. [Xom's mischief]
  9439 | D:8      | XOM: summons 2 hostile demons
  9446 | D:8      | XOM: blink monster(s)
  9464 | D:8      | Found a basalt altar of Yredelemnul.
  9684 | D:8      | XOM: give mutation
  9684 | D:8      | Lost mutation: You are somewhat resistant to further
                  | mutation. [Xom's mischief]
  9797 | D:9      | XOM: cast spell 'Necromutation'
  9886 | D:9      | XOM: enchant monster (bad)
  9890 | D:9      | XOM: polymorph yak -> tarantella
 10053 | D:9      | XOM: swap monsters
 10096 | D:9      | XOM: polymorph killer bee -> iguana
 10313 | D:9      | Noticed Joseph
 10341 | D:9      | Killed Joseph
 10737 | D:9      | Noticed Erolcha
 10749 | D:9      | Killed Erolcha
 11246 | D:10     | XOM: noise
 11246 | D:10     | Entered Level 10 of the Dungeon
 11278 | D:10     | Noticed Lodul
 11279 | D:10     | XOM: swap monsters
 11281 | D:10     | XOM: destruction
 11282 | D:10     | XOM: smoke on damage
 11283 | D:10     | XOM: cleaving
 11297 | D:10     | XOM: fog
 11319 | D:10     | HP: 2/97 [ogre/+0 giant club[Lodul] (27)]
 11319 | D:10     | XOM: butterfly on damage
 11324 | D:10     | Reached XP level 11. HP: 25/104 MP: 10/10
 11325 | D:10     | Killed Lodul
 11327 | D:10     | XOM: scenery: summon butterflies
 11331 | D:10     | HP: 2/157 [orc priest/divine providence (16)]
 11333 | D:10     | Slain by an orc warrior

Illustrated notes

Levels and vault maps discovered:
D:1:      elethiomel_arrival_maze, layout_basic,
          chequers_ecumenical_altar_simple
D:2:      layout_loops_ring, uniq_terence, uniq_robin
D:3:      layout_basic, gammafunk_ghost_nasty_kobolds, uniq_pargi,
          uniq_crazy_yiuf_cottage, uniq_jessica
D:4:      layout_basic, chequers_temple_overflow_statue_of_worship,
          minmay_temple_entry_antechambers, kennysheep_diamond
D:5:      layout_basic, mainiacjoe_overflow_alcove_1, serial_shops, shop
D:6:      layout_layer_cave, makhleb_grotto_becter, minmay_crystal_room,
          nrook_loot_triangle, uniq_grinder
D:7:      layout_cave_pools, kennysheep_generic_room_5, uniq_menkaure
D:8:      layout_loops_ring, mainiacjoe_overflow_divided_tiny,
          lemuel_mausoleum_altar_yredelemnul, david_lair_shrubbed, special_room
          [special_room_orc], uniq_maggie
D:9:      layout_stronghold, uniq_erolcha, uniq_joseph
D:10:     layout_long_grid, erik_orc_4, uniq_nergalle, uniq_lodul
Temple:   minmay_temple_curvy_branch

Skill      XL: |  1  2  3  4  5  6  7  8  9 10 11 |
---------------+----------------------------------+-----
Fighting       | 4 5 6 7 9 10 12 | 12.4
Shields        | 4 5 6 7 9 10 12 | 12.4
Axes           | 3 4 5 6 8 10 11 12 | 12.1
Armour         | |  3.6

Action                     |  1- 3 |  4- 6 |  7- 9 | 10-12 || total
---------------------------+-------+-------+-------+-------++-------
  Melee: War axe           |    65 |   101 |   304 |   146 ||   616
         Headbutt          |    11 |    15 |    62 |    26 ||   114
    Use: Scroll            |     3 |     5 |    13 |     3 ||    24
         Potion            |       |     1 |     7 |    14 ||    22
   Stab: Invisible         |       |       |     2 |     1 ||     3
 Armour: Scale mail        |    29 |    57 |   163 |    80 ||   329
         Skin              |       |       |       |     8 ||     8
  Dodge: Dodged            |    40 |    54 |   144 |    67 ||   305
  Block: Buckler           |    13 |    31 |    91 |    57 ||   192
